 Dungeon Crawl Stone Soup version 0.19.0-2-gae57169 (webtiles) character file.

98 lorenzova the Sneak (level 4, 0/31 HPs)
             Began as a Spriggan Enchanter on Nov 4, 2016.
             Succumbed to an orc's poison
             ... on level 3 of the Dungeon.
             The game lasted 00:04:09 (3029 turns).

lorenzova the Sneak (Spriggan Enchanter)            Turns: 3029, Time: 00:04:10

Health: 0/31       AC: 22    Str:  4 (5)  XL:     4   Next: 43%
Magic:  9/10       EV:  4    Int: 14 (16) God:
Gold:   58         SH:  0    Dex: 14 (16) Spells: 2 memorised, 7 levels left

rFire  . . .     SeeInvis +     s - +1 dagger (elec)
rCold  . . .     Gourm    .     (armour currently unavailable)
rNeg   + + +     Faith    .     (shield restricted)
rPois  +         Spirit   .     (helmet currently unavailable)
rElec  .         Reflect  .     (cloak currently unavailable)
rCorr  .         Harm     .     (gloves unavailable)
MR     .....     NoTele   +     (boots unavailable)
Stlth  ++++......               (no amulet)
                                (no ring)
                                f - ring of stealth

@: lethally poisoned (0 -> -8), tree-form
A: unfitting armour, see invisible, herbivore 3, (speed 0), slow metabolism 2
a: no special abilities


You were on level 3 of the Dungeon.
You were hungry.
You were a tree.
You visited 1 branch of the dungeon, and saw 3 of its levels.

You collected 58 gold pieces.

Inventory:

Hand Weapons
 s - a +1 dagger of electrocution (weapon)
Armour
 b - a +1 robe (melded)
Jewellery
 f - a ring of stealth (left branch)
Scrolls
 e - a scroll of immolation {unknown}
 g - 3 scrolls of identify {unknown}
 h - a scroll of teleportation {unknown}
 i - a scroll of recharging {unknown}
 j - a scroll of random uselessness {unknown}
 k - a scroll of remove curse {unknown}
 l - 2 scrolls of amnesia {unknown}
 o - a scroll of magic mapping {unknown}
 p - a scroll of noise {unknown}
 q - a scroll of fog {unknown}
Books
 c - a book of Maledictions

   Spells                             Type                      Level
   a - Corona                         Hexes                        1
   b - Ensorcelled Hibernation        Hexes/Ice                    2
   c - Confuse                        Hexes                        3
   d - Tukima's Dance                 Hexes                        3
   e - Dazzling Spray                 Conjuration/Hexes            3
Comestibles
 d - 2 bread rations


   Skills:
 - Level 1.1 Short Blades
 - Level 3.0 Dodging
 + Level 5.8 Stealth
 + Level 3.9 Spellcasting
 + Level 4.8 Hexes


You had 7 spell levels left.
You knew the following spells:

 Your Spells              Type           Power        Failure   Level  Hunger
a - Corona                Hex            ###....      2%          1    None
b - Ensorcelled Hibernat  Hex/Ice        #.....       14%         2    ##.....


Dungeon Overview and Level Annotations

Branches:
Dungeon (3/15)

Altars:


Innate Abilities, Weirdness & Mutations

You are very small and have problems with some larger weapons.
You are too small for most types of armour.
You have supernaturally acute eyesight. (SInv)
You are a herbivore.
((You cover ground extremely quickly.))
You need consume almost no food.


Message History

You cannot move.
* * * LOW HITPOINT WARNING * * *
You feel sick.
You closely miss the gnoll.
* * * LOW HITPOINT WARNING * * *
You feel sick. The gnoll hits you but does no damage.
You closely miss the gnoll.
* * * LOW HITPOINT WARNING * * *
You feel sick. The gnoll hits you but does no damage.
You hit the gnoll.
The gnoll is moderately wounded.
The orc hits you but does no damage. The gnoll barely misses you.
You barely miss the gnoll.
The gnoll is moderately wounded.
* * * LOW HITPOINT WARNING * * *
You feel sick. The orc hits you but does no damage.
The gnoll hits you but does no damage.
You hit the gnoll.
The gnoll is heavily wounded.
You die...

#.# #..#§.≈≈≈≈≈ #.# ####§......
#.# #§§##### #.# #≈.#.... #.#
#≈§#.### #.# #§.#.### ... #.#
#§§#..%# .. #.# #≈.##### .
#######♣#########≈§.....
.......go.......#≈######
#######%........'......§
.......)####....#§§≈≈≈≈§
################.####.###########
....o.......o...<........>.......
.###########........#.#.#...#....
.###########........#.#.#.###....
...........'....)...#.#.#........


You could see a gnoll and an orc.

Vanquished Creatures
  3 gnolls (D:3)
  An adder (D:3)
  4 worms
  2 dart slugs (D:2)
  An orc (D:3)
  8 hobgoblins
  6 jackals (D:2)
  A quokka (D:2)
  7 bats
  3 frilled lizards
  2 goblins
  A kobold (D:3)
  4 rats
43 creatures vanquished.

Notes
Turn   | Place    | Note
-------+----------+-------------------------------------------
     0 | D:1      | lorenzova the Spriggan Enchanter began the quest for the Orb.
     0 | D:1      | Reached XP level 1. HP: 9/9 MP: 5/5
   675 | D:1      | Reached XP level 2. HP: 13/13 MP: 7/7
   679 | D:1      | Learned a level 2 spell: Ensorcelled Hibernation
  1711 | D:2      | Reached skill level 5 in Stealth
  1732 | D:2      | Reached XP level 3. HP: 15/16 MP: 8/8
  2752 | D:3      | Reached XP level 4. HP: 20/21 MP: 5/10
  2789 | D:3      | HP: 1/21 [poisoned by an orc]
  3028 | D:3      | HP: 1/31 [poisoned by an orc]
  3029 | D:3      | Succumbed to an orc's poison

Skill      XL: |  1  2 |
---------------+-------+-----
Spellcasting   | 3 |  3.9
Hexes          | 4 |  4.8
Stealth        | 5 |  5.8
Short Blades   | |  1.1
Dodging        | |  3.0

Action                   |  1- 3 |  4- 6 || total
-------------------------+-------+-------++-------
Melee: Dagger            |   138 |    26 ||   164
 Cast: Ensorcelled Hiber |    16 |     5 ||    21
  Use: Potion            |       |     3 ||     3
 Stab: Sleeping          |    20 |     1 ||    21
Armor: Robe              |    25 |       ||    25
       Skin              |       |     4 ||     4
Dodge: Dodged            |   130 |    16 ||   146
